[Event "Early-Titled-Tuesday-Blitz-February-13-2024"]
[Site "Chess.com"]
[Date "2024.02.13"]
[Round "1"]
[White "BallottiLuca"]
[Black "shrek4life02"]
[Result "0-1"]
[WhiteElo "2366"]
[BlackElo "2696"]
[TimeControl "180+1"]
[EndTime "8:07:25 PST"]
[Termination "shrek4life02 won on time"]

1. d4 Nf6 2. Bg5 c6 3. Bxf6 exf6 4. e3 d5 5. c4 dxc4 6. Bxc4 Bb4+ 7. Nc3 O-O 8. Ne2 Nd7 9. Qc2 Nb6 10. Bd3 g6 11. h4 f5 12. h5 Nd5 13. a3 Be7 14.
Nxd5 Qxd5 15. Nf4 Qd6 16. hxg6 fxg6 17. Bc4+ Kg7 18. Qc3 Bf6 19. O-O-O b5 20. Bb3 a5 21.
Kb1 Bd7 22. e4 Qxf4 23. e5 Be7 24. Qh3 h5 25. Rd3 Qh6 26. Qf3 Rad8 27. Rc1 f4 28. Ka1 Qg5 29. Rdc3 Qg4 30. Qe4 Qf5 31. Qf3 b4 32. Rc4 bxa3 33. bxa3 Rb8 34. Ra4 Qg4 35. Qd3 Qxg2 36. Rxa5 Ra8 37. Ra4 Rxa4 38. Bxa4 Ra8 39. Qb3 Qd5 40. Qxd5 cxd5 41. Rc7 Rxa4 42. Rxd7 Kf8 43.
Kb2 Rxa3 44. Rxe7 Kxe7 45. Kxa3 h4 0-1

[Event "Early-Titled-Tuesday-Blitz-February-13-2024"]
[Site "Chess.com"]
[Date "2024.02.13"]
[Round "1"]
[White "Elprofessor21"]
[Black "atomicmate123"]
[Result "1-0"]
[WhiteElo "2672"]
[BlackElo "2336"]
[TimeControl "180+1"]
[EndTime "8:07:25 PST"]
[Termination "Elprofessor21 won by resignation"]

1. d4 d5 2. Nf3 c5 3. c3 Nc6 4.
Bf4 Nf6 5. Nbd2 Bf5 6. e3 e6 7. Be2 Bd6 8. Bxd6 Qxd6 9. O-O O-O 10. dxc5 Qxc5 11. Nd4 Nxd4 12. exd4 Qd6 13. a4 Ne4 14. Nf3 a5 15. Ne5 Rac8 16. Nd3 b6 17. Bg4 Bxg4 18.
Qxg4 Nf6 19. Qe2 Nd7 20. g3 Rfe8 21. Rfe1 Re7 22. h4 Rce8 23. Rad1 e5 24. dxe5 Nxe5 25.
Nxe5 Rxe5 26. Qd2 Rxe1+ 27. Rxe1 Rxe1+ 28. Qxe1 Qe6 29. Qxe6 fxe6 30. f4 Kf7 31. Kf2 Kf6 32. g4 e5 33. Ke3 exf4+ 34. Kxf4 h6 35. Kf3 Ke5 36. Ke3 g5 37. hxg5 hxg5 38. b3 Ke6 39.
Kd4 Kd6 40. b4 Kc6 41. Ke5 axb4 42. cxb4 d4 43. Kxd4 Kd6 1-0

[Event "Early-Titled-Tuesday-Blitz-February-13-2024"]
[Site "Chess.com"]
[Date "2024.02.13"]
[Round "1"]
[White "Barbix1"]
[Black "Roman_Ovetchkin"]
[Result "0-1"]
[WhiteElo "2295"]
[BlackElo "2642"]
[TimeControl "180+1"]
[EndTime "8:07:25 PST"]
[Termination "Roman_Ovetchkin won by resignation"]

1. d4 Nf6 2. Nf3 g6 3. Bf4 d6 4. h3 Bg7 5. e3 O-O 6. Be2 c5 7.
O-O Qb6 8. Qc1 cxd4 9. exd4 Nc6 10. c3 Re8 11. Nbd2 e5 12. dxe5 dxe5 13. Bh2 Bf5 14.
Nc4 Qc7 15. Re1 Nd5 16. Bf1 f6 17. Ne3 Nxe3 18. Qxe3 Qf7 19. b3 Rad8 20. Rad1 Bf8 21. Nd2 b6 22. Ne4 Rxd1 23. Rxd1 Rd8 24. Rxd8 Nxd8 25.
g4 Be6 26. Qf3 Be7 27. Qd3 Kg7 28. f3 Nc6 29. Kg2 f5 30. Ng3 e4 31. fxe4 fxg4 32.
hxg4 Bxg4 33. Be2 Bxe2 34. Qxe2 Bf6 35. Nf1 Be5 36. Bxe5+ Nxe5 37. Ne3 Qf4 38. Nd5 Qg5+ 39. Kf2 h5 40. Qe3 Ng4+ 0-1

[Event "Early-Titled-Tuesday-Blitz-February-13-2024"]
[Site "Chess.com"]
[Date "2024.02.13"]
[Round "1"]
[White "DishonorOnYourCow"]
[Black "lluiss"]
[Result "1-0"]
[WhiteElo "2578"]
[BlackElo "2151"]
[TimeControl "180+1"]
[EndTime "8:07:25 PST"]
[Termination "DishonorOnYourCow won on time"]

1. d4 d5 2. c4 c6 3. Nf3 e6 4. e3 f5 5. Bd3 Nf6 6. b3 Bd6 7. Nbd2 O-O 8. Bb2 Bd7 9. Ne5 Be8 10. O-O Bh5 11. Qc2 Nbd7 12. f3 c5 13. cxd5 Nxd5 14.
Rae1 Rc8 15. Ndc4 Bb8 16. Qd2 b5 17. Nxd7 Qxd7 18. Na5 Nb4 19. g3 Qc7 20. Bxb5 Qxa5 21. Bd7 Rcd8 22. Bxe6+ Bf7 23. Bxf5 cxd4 24. Bxd4 Be5 25.
Be4 Bxd4 26. exd4 Qb6 27. Rd1 Bd5 28. a3 Bxe4 29. axb4 Bd5 30. Qd3 Rb8 31. Rfe1 Qxb4 32. Re7 Qxb3 33. Qd2 Rf7 34. Rxf7 Bxf7 35. Rf1 Qb6 36.
Qf4 1-0

[Event "Early-Titled-Tuesday-Blitz-February-13-2024"]
[Site "Chess.com"]
[Date "2024.02.13"]
[Round "1"]
[White "doublesik"]
[Black "jcibarra"]
[Result "0-1"]
[WhiteElo "2524"]
[BlackElo "2971"]
[TimeControl "180+1"]
[EndTime "8:07:26 PST"]
[Termination "jcibarra won by resignation"]

1. d4 Nf6 2. c4 d6 3. Nf3 g6 4. Nc3 Bf5 5. Bf4 Bg7 6. e3 O-O 7. h3 c5 8. Be2 Nc6 9. O-O cxd4 10. exd4 d5 11. Ne5 Rc8 12. Bf3 dxc4 13. Bxc6 bxc6 14.
Nxc4 Nd5 15. Be5 f6 16. Bg3 c5 17. Nxd5 Qxd5 18. Ne3 Qxd4 19. Nxf5 gxf5 20. Qe2 e5 21. Rfd1 Qe4 22. Qa6 f4 23. f3 Qc6 24.
Qc4+ Kh8 25. Bf2 f5 26. Rd5 Qg6 27. Re1 Rfe8 28. Rxc5 Rcd8 29. Rd5 Rc8 30. Rc5 Rb8 31. Rb5 Rxb5 32. Qxb5 e4 33. Bxa7 Rd8 34. fxe4 f3 35. Qf1 fxe4 36. Kh1 Rd2 37. Bf2 fxg2+ 38. Qxg2 Qxg2+ 39. Kxg2 Bd4 40. Rxe4 Bxf2 41. Kf3 Bc5 42. Re2 Rd3+ 43.
Kg4 Kg7 44. a3 Rb3 45. Rc2 Bd4 46. Rd2 Bxb2 47. Rd7+ Kg6 48. Rd6+ Bf6 49. Ra6 h5+ 50. Kf4 Rxh3 51. a4 Ra3 52. a5 h4 53. Kg4 h3 54.
Ra8 h2 0-1

[Event "Early-Titled-Tuesday-Blitz-February-13-2024"]
[Site "Chess.com"]
[Date "2024.02.13"]
[Round "1"]
[White "Radzio1987"]
[Black "DeArron_Fox"]
[Result "1-0"]
[WhiteElo "2910"]
[BlackElo "2502"]
[TimeControl "180+1"]
[EndTime "8:07:26 PST"]
[Termination "Radzio1987 won on time"]

1. c4 e6 2. Nc3 d5 3. d4 Nf6 4.
Bg5 Be7 5. e3 O-O 6. Rc1 b6 7.
cxd5 Nxd5 8. Bxe7 Qxe7 9. Nxd5 exd5 10. Ne2 Be6 11. Nf4 Rd8 12. Qc2 c5 13. dxc5 Rc8 14.
Bd3 Rxc5 15. Qb1 Rxc1+ 16. Qxc1 Nd7 17. O-O Nc5 18. Be2 Rc8 19. Qd2 Ne4 20. Qd4 Qc5 21.
Qe5 Qd6 22. Qd4 Qc5 23. Qa4 a5 24. Bd3 Qc6 25. Qd1 Nc5 26. Bb1 g6 27. Qd4 Nd7 28. h4 Qc5 29. Qd2 Qb4 30. Qe2 d4 31. exd4 Bc4 32.
Qc2 Re8 33. Rc1 Bb5 34. Qc3 Qd6 35. g3 Nf6 36. d5 Nxd5 37. Qd4 Rd8 38. Rd1 Bc6 39.
Be4 Nxf4 40. Qxd6 Nh3+ 41. Kh2 Rxd6 42. Rxd6 Bxe4 43. Kxh3 Bf5+ 44. Kg2 b5 45. a3 a4 46. f3 Bd3 47. Rxd3 1-0

[Event "Early-Titled-Tuesday-Blitz-February-13-2024"]
[Site "Chess.com"]
[Date "2024.02.13"]
[Round "1"]
[White "bitter-cikolata"]
[Black "gau_npukyputb"]
[Result "0-1"]
[WhiteElo "2482"]
[BlackElo "2863"]
[TimeControl "180+1"]
[EndTime "8:07:26 PST"]
[Termination "gau_npukyputb won by resignation"]

1. e4 a6 2. d4 b5 3. c4 Bb7 4. Qc2 b4 5. Nf3 e6 6. d5 Bc5 7. Bf4 Nf6 8. Nbd2 exd5 9. exd5 O-O 10. O-O-O Bxf2 11. Bd3 d6 12. Bg5 Re8 13. Ne4 Bc5 14. Nxf6+ gxf6 15. Bxh7+ Kg7 16. Bf4 Nd7 17. Bf5 Ne5 18.
h4 Qe7 19. Rh3 Nxf3 20. Rxf3 Qe2 21. Rg3+ Kh8 22. Bh6 Qxc2+ 23. Kxc2 Rg8 24. Rxg8+ Rxg8 25. g4 c6 26. Re1 cxd5 27. Re7 Bc8 28. cxd5 Bxf5+ 29. gxf5 Rg2+ 30. Kb3 Bd4 31. Rxf7 Rxb2+ 32. Kc4 Be5 33.
Rb7 a5 34. Bg7+ Kg8 35. h5 Rxa2 36. h6 Rh2 37. Rb8+ Kf7 38. Rb7+ Ke8 39. Rb8+ Kd7 40.
Rb7+ Kc8 41. Ra7 Rh4+ 42. Kb5 b3 43. Kc6 Rc4+ 44. Kb5 b2 45. Kxc4 b1=Q 46. h7 Qb4+ 47. Kd3 Qd4+ 48. Ke2 Qe4+ 49. Kd1 Qh1+ 50. Kc2 Qxh7 0-1

[Event "Early-Titled-Tuesday-Blitz-February-13-2024"]
[Site "Chess.com"]
[Date "2024.02.13"]
[Round "1"]
[White "Maitreia"]
[Black "m_ezat"]
[Result "1-0"]
[WhiteElo "2784"]
[BlackElo "2432"]
[TimeControl "180+1"]
[EndTime "8:07:26 PST"]
[Termination "Maitreia won on time"]

1. c4 Nf6 2. Nc3 g6 3. g3 Bg7 4. Bg2 O-O 5. Nf3 c5 6. O-O d5 7. cxd5 Nxd5 8. Nxd5 Qxd5 9. d3 Nc6 10. Be3 Bxb2 11.
Rb1 Bf6 12. Qa4 Qd6 13. Rfc1 Nd4 14. Nxd4 cxd4 15. Bf4 e5 16. Bd2 Rd8 17. Bb4 Qe6 18.
Rc7 Bd7 19. Qa3 Bc6 20. Bxc6 bxc6 21. Rxa7 Rab8 22. Rc1 e4 23. Ba5 Re8 24. Bc7 e3 25. f3 Rb5 26. Ra5 Rxa5 27. Qxa5 h5 28. h4 Qh3 29. Rxc6 Bd8 30. Qa7 Re7 31. Qb8 Re8 32.
Bxd8 Qd7 33. Rc8 Qa4 34. Qb3 Qd7 35. Rc7 Qf5 36. Bg5 Ra8 37. Kg2 Kg7 38. Qc4 Rd8 39. Rc6 Rd5 40. Bf6+ Kh7 41. Rc8 g5 42. hxg5 1-0

[Event "Early-Titled-Tuesday-Blitz-February-13-2024"]
[Site "Chess.com"]
[Date "2024.02.13"]
[Round "1"]
[White "OhanyanEminChess"]
[Black "el_sporco"]
[Result "1-0"]
[WhiteElo "2802"]
[BlackElo "2442"]
[TimeControl "180+1"]
[EndTime "8:07:27 PST"]
[Termination "OhanyanEminChess won by checkmate"]

1. e4 c5 2. a3 g6 3. Nf3 Bg7 4. Nc3 Nc6 5. Bc4 d6 6. h3 Nf6 7. d3 O-O 8. O-O a6 9. Bg5 b5 10. Ba2 h6 11. Be3 Bb7 12. Qd2 Kh7 13. Rae1 Nd7 14.
Nh2 Nd4 15. Nd1 a5 16. c3 Nc6 17. f4 b4 18. f5 a4 19. axb4 cxb4 20. cxb4 a3 21.
bxa3 Rxa3 22. Bd5 Nb6 23. Bxc6 Bxc6 24. Qc1 Qa8 25. Bxb6 Rxd3 26. Nf2 Rc3 27. Qd1 gxf5 28. Bd4 Bxd4 29. Qxd4 Rc2 30. Rc1 Rxc1 31. Rxc1 fxe4 32. Nhg4 f5 33. Qe3 fxg4 34. Nxg4 Rg8 35. Qxh6# 1-0

[Event "Early-Titled-Tuesday-Blitz-February-13-2024"]
[Site "Chess.com"]
[Date "2024.02.13"]
[Round "1"]
[White "BogdanDeac"]
[Black "bulletteemo"]
[Result "1-0"]
[WhiteElo "3001"]
[BlackElo "2535"]
[TimeControl "180+1"]
[EndTime "8:07:28 PST"]
[Termination "BogdanDeac won by resignation"]

1. b3 e5 2. Bb2 Nc6 3. Nf3 e4 4. Nd4 Nxd4 5. Bxd4 Nf6 6. c4 d5 7. e3 c5 8. Bxf6 Qxf6 9. Nc3 d4 10. Nxe4 Qe5 11.
Ng3 h5 12. f4 Qf6 13. Be2 h4 14. Ne4 Qe7 15. Qc2 g6 16. O-O Bg7 17. Rae1 O-O 18. Bd3 Bf5 19. Ng5 Bxd3 20. Qxd3 dxe3 21. dxe3 Rad8 22.
Qc2 Rd7 23. Qf2 Rfd8 24. Qxh4 Rd2 25. Rf2 Rd1 26. Re2 Bc3 27. Rxd1 Rxd1+ 28. Kf2 a5 29.
Qh3 b6 30. Qg4 Bd2 31. Nf3 Bc3 32. Qc8+ Kg7 33. Qc6 a4 34. Qxb6 axb3 35. Qxb3 Bf6 36. Qxd1 1-0

[Event "Early-Titled-Tuesday-Blitz-February-13-2024"]
[Site "Chess.com"]
[Date "2024.02.13"]
[Round "1"]
[White "SergioMoralesG"]
[Black "Elsa167"]
[Result "0-1"]
[WhiteElo "2506"]
[BlackElo "2916"]
[TimeControl "180+1"]
[EndTime "8:07:28 PST"]
[Termination "Elsa167 won on time"]

1. d4 Nf6 2. c4 c5 3. d5 e6 4. Nc3 exd5 5. cxd5 d6 6. e4 g6 7.
Nge2 h5 8. Bg5 Bg7 9. Nc1 O-O 10.
Bd3 a6 11. a4 Nbd7 12. O-O Qc7 13. Bc2 Re8 14. f4 Ng4 15. Qf3 Qb6 16. N1e2 Qxb2 17.
Rac1 b5 18. h3 Ngf6 19. f5 c4 20. fxg6 fxg6 21. Bxf6 Nxf6 22. e5 Rxe5 23. Bxg6 b4 24. Nf4 bxc3 25. Nxh5 Rxh5 26. Bxh5 Bb7 27. Rb1 Bxd5 28.
Qg3 Qc2 29. Bg6 Qd2 30. Rbd1 Rf8 31. Rxd2 cxd2 32. Qg5 c3 33. Rxf6 d1=Q+ 34. Kh2 Bxf6 0-1

[Event "Early-Titled-Tuesday-Blitz-February-13-2024"]
[Site "Chess.com"]
[Date "2024.02.13"]
[Round "1"]
[White "krzyzan94"]
[Black "N4700000"]
[Result "1-0"]
[WhiteElo "2796"]
[BlackElo "2441"]
[TimeControl "180+1"]
[EndTime "8:07:28 PST"]
[Termination "krzyzan94 won on time"]

1. Nf3 Nf6 2. g3 g6 3. Bg2 Bg7 4. O-O O-O 5. c4 c6 6. Nc3 d5 7.
cxd5 cxd5 8. d4 Nc6 9. Ne5 e6 10. Nxc6 bxc6 11. Bf4 Nd7 12. Qa4 Qb6 13. e3 c5 14.
Rfd1 cxd4 15. exd4 a5 16. Qb5 Qxb5 17. Nxb5 Ba6 18. Nc7 Ra7 19. Nxa6 Rxa6 20. Rac1 Ra7 21. Rc6 Rfa8 22. b3 Rb7 23. Bd6 Bf8 24. Rb1 Bxd6 25. Rxd6 a4 26. b4 a3 27. b5 Nb6 28. Bf1 Ra4 29. Rb3 Kf8 30. Rc6 Nc4 31. b6 Ke7 32. Bxc4 dxc4 33. Rc3 Kd7 34. R6xc4 Rxc4 35. Rxc4 Rxb6 36.
Ra4 Rb2 37. Rxa3 Kd6 38. Ra7 f5 39. Rxh7 Rxa2 40. Rg7 Rd2 41. Rxg6 Rxd4 42. h4 Ke7 43. Kg2 Kf7 44. Rh6 Re4 45. Kf3 Kg7 46. Rh5 Re1 47.
Rg5+ Kf6 48. Rg8 Kf7 49. Ra8 e5 50. Ra6 Kg7 51. Rb6 Re4 52. h5 Ra4 53. Rg6+ Kf7 54. g4 Ra3+ 55. Kg2 fxg4 56. Rxg4 Rb3 57. f3 Rb1 58.
Kg3 Rh1 59. Rh4 Rg1+ 60. Kf2 1-0

[Event "Early-Titled-Tuesday-Blitz-February-13-2024"]
[Site "Chess.com"]
[Date "2024.02.13"]
[Round "1"]
[White "Elnaz_Kaliakhmet"]
[Black "AdvanceGuard4"]
[Result "1-0"]
[WhiteElo "2295"]
[BlackElo "2609"]
[TimeControl "180+1"]
[EndTime "8:07:28 PST"]
[Termination "Elnaz_Kaliakhmet won by checkmate"]

1. d4 Nf6 2. c4 e6 3. Nf3 c5 4.
d5 exd5 5. cxd5 d6 6. Nc3 g6 7. e4 Bg7 8. h3 O-O 9. Bd3 b5 10.
Nxb5 Nxe4 11. Bxe4 Qa5+ 12. Nc3 Re8 13. Ng5 h6 14.
Ne6 fxe6 15. O-O Bb7 16. Bxg6 Re7 17. dxe6 Rxe6 18. Qh5 Qc7 19. Bxh6 Bxh6 20. Qxh6 Qg7 21.
Qxg7+ Kxg7 22. Bf5 Re5 23. g4 Na6 24. Rad1 Rd8 25.
f4 Re3 26. Rfe1 Rg3+ 27. Kf2 Rg2+ 28. Kf1 Rxb2 29. Re7+ Kf6 30. Re6+ Kf7 31. Rde1 Bg2+ 32. Kg1 Bxh3 33. Re7+ Kf8 34. Rh7 Kg8 35. Rxh3 Nb4 36.
Re7 Nxa2 37. Nxa2 Rxa2 38. Be6+ Kf8 39. Rf7+ Ke8 40. Rh8# 1-0

[Event "Early-Titled-Tuesday-Blitz-February-13-2024"]
[Site "Chess.com"]
[Date "2024.02.13"]
[Round "1"]
[White "UnTucopalaTimba"]
[Black "Caroexpert"]
[Result "1-0"]
[WhiteElo "1971"]
[BlackElo "2542"]
[TimeControl "180+1"]
[EndTime "8:07:28 PST"]
[Termination "UnTucopalaTimba won on time"]

1. e4 Nc6 2. d4 d6 3. Nc3 Nf6 4. Bb5 Bd7 5. Nge2 g6 6. f3 Bg7 7. Be3 O-O 8. Qd2 a6 9. Ba4 b5 10. Bb3 Na5 11. Nd5 Nxb3 12. Nxf6+ Bxf6 13. axb3 c6 14. Bh6 Re8 15. O-O Qb6 16. Be3 Rad8 17. e5 Bg7 18. Rfd1 Bc8 19. d5 c5 20. exd6 exd6 21. Bg5 Rd7 22. c3 a5 23. Kh1 b4 24. c4 f6 25. Bf4 Rde7 26. Re1 Bf5 27. Ng3 Bd7 28. Ne4 Rxe4 29. Rxe4 Rxe4 30. fxe4 g5 31.
Bg3 h5 32. h3 h4 33. Bh2 Kh7 34. Qe2 Kg6 35. Rf1 Bc8 36. g3 Qd8 37. gxh4 Bxh3 38.
Rg1 g4 39. Qf2 Qd7 40. Qf4 Bh6 41. Qxd6 Qe8 42. Qe6 Qxe6 43. dxe6 Be3 44. Re1 1-0

[Event "Early-Titled-Tuesday-Blitz-February-13-2024"]
[Site "Chess.com"]
[Date "2024.02.13"]
[Round "1"]
[White "Sychev_Klementy"]
[Black "secrethawk1"]
[Result "1-0"]
[WhiteElo "2906"]
[BlackElo "2501"]
[TimeControl "180+1"]
[EndTime "8:07:29 PST"]
[Termination "Sychev_Klementy won on time"]

1. e4 c5 2. Nf3 e6 3. d4 cxd4 4. Nxd4 a6 5. Bd3 Bc5 6. Nb3 Ba7 7. Qg4 Nf6 8. Qg3 d6 9. Nc3 Nc6 10. Bg5 h6 11. Bd2 Qe7 12. O-O-O Bd7 13. Qxg7 Rg8 14. Qxh6 Ng4 15. Qf4 Nxf2 16. g3 Nxh1 17. Rxh1 O-O-O 18. Be2 Rdf8 19. g4 f6 20. h4 Ne5 21. h5 Rf7 22. h6 Rh7 23. Rf1 Rg6 24. Kb1 Rgxh6 25. g5 fxg5 26. Qf8+ Qxf8 27. Rxf8+ Kc7 28. Bxg5 Rh1+ 29.
Bd1 b5 30. Bd8+ Kc6 31. Na5+ Kc5 32. a3 Rh8 33. Rf4 Rxd8 34. Nb7+ Kd4 35. Nxd8 Ke3 36.
Rf6 Kd2 37. Ka2 1-0

[Event "Early-Titled-Tuesday-Blitz-February-13-2024"]
[Site "Chess.com"]
[Date "2024.02.13"]
[Round "1"]
[White "KetiTsatsalashvili"]
[Black "Dyadya81"]
[Result "1-0"]
[WhiteElo "2477"]
[BlackElo "2809"]
[TimeControl "180+1"]
[EndTime "8:07:29 PST"]
[Termination "KetiTsatsalashvili won on time"]

1. d4 Nf6 2. Nf3 g6 3. c4 Bg7 4. Nc3 d6 5. e4 O-O 6. Be2 e5 7. O-O exd4 8. Nxd4 Re8 9. f3 c6 10. Bg5 h6 11. Bh4 d5 12. cxd5 cxd5 13. Nxd5 g5 14. Nxf6+ Qxf6 15. Bf2 Rd8 16. Qc2 Na6 17. Rfd1 g4 18.
Rac1 gxf3 19. Nxf3 Be6 20. e5 Qf4 21. Rxd8+ Rxd8 22. a3 Bb3 23. Qc3 Bd5 24. Rd1 Qe4 25. Bd3 Qa4 26. Bc2 Qb5 27. Be4 Bf8 28. a4 Bxe4 29. Rxd8 Qxa4 30. Bc5 Qa1+ 31. Kf2 Nxc5 32. Qxc5 Qxb2+ 33. Kg3 Kh7 34. Qxf8 1-0

[Event "Early-Titled-Tuesday-Blitz-February-13-2024"]
[Site "Chess.com"]
[Date "2024.02.13"]
[Round "1"]
[White "oneshot007"]
[Black "SirGerhard"]
[Result "0-1"]
[WhiteElo "2442"]
[BlackElo "2799"]
[TimeControl "180+1"]
[EndTime "8:07:29 PST"]
[Termination "SirGerhard won by resignation"]

1. e4 c5 2. Nf3 d6 3. Bb5+ Nd7 4. O-O Nf6 5. Re1 a6 6. Bd3 b5 7. c4 Rb8 8. cxb5 axb5 9. Bf1 e5 10. Qb3 c4 11. Qd1 Be7 12. b3 cxb3 13. axb3 O-O 14. d4 exd4 15. Nxd4 Bb7 16. f3 b4 17. Kh1 g6 18. Bh6 Re8 19. Nd2 Ne5 20. Nc4 Nfd7 21. Nb5 Nxc4 22. Bxc4 Ne5 23. Qd4 Bc6 24. Na7 Bf6 25.
Ra6 Nxf3 26. Nxc6 Nxd4 27. Nxd8 Rbxd8 28. Ra7 Re7 29. Rxe7 Bxe7 30. e5 d5 31. Bd3 Nxb3 32. e6 f5 33. h3 Nc5 34. Bb5 d4 35. Rc1 d3 36. Bd2 Ne4 37. Be3 d2 38. Rd1 b3 39. Bd7 b2 40. Rb1 Nc3 0-1

[Event "Early-Titled-Tuesday-Blitz-February-13-2024"]
[Site "Chess.com"]
[Date "2024.02.13"]
[Round "1"]
[White "Pawnpusher1245"]
[Black "Mikhail_Golubev"]
[Result "1-0"]
[WhiteElo "2397"]
[BlackElo "2698"]
[TimeControl "180+1"]
[EndTime "8:07:29 PST"]
[Termination "Pawnpusher1245 won on time"]

1. d4 Nf6 2. Bf4 d6 3. Nc3 Nbd7 4. Nf3 c5 5. d5 Qa5 6. a3 Ne4 7. Qd3 Nxc3 8. Bd2 c4 9. Qxc4 Qxd5 10. Qxc3 Nf6 11.
Bf4 Bf5 12. Rd1 Qc6 13. Qxc6+ bxc6 14. Nd4 Bd7 15. e3 g6 16. Bg5 Ne4 17. Bh4 g5 18. Bd3 gxh4 19. Bxe4 d5 20. Bf3 e5 21. Nb3 Bg7 22. Nc5 e4 23. Bxe4 Bxb2 24. Nxd7 Kxd7 25. c4 Bxa3 26. cxd5 c5 27. d6 Rab8 28. Ke2 Rb2+ 29.
Kf3 c4 30. Bf5+ Kd8 31. Ra1 Bc5 32. d7 Rg8 33. Rab1 Rxb1 34. Rxb1 Bb6 35. Rc1 Rg5 36. e4 f6 37. Rxc4 Bc7 38. Rb4 Rg7 39. Rb7 1-0

[Event "Early-Titled-Tuesday-Blitz-February-13-2024"]
[Site "Chess.com"]
[Date "2024.02.13"]
[Round "1"]
[White "Blitzking642"]
[Black "vi_pranav"]
[Result "0-1"]
[WhiteElo "2536"]
[BlackElo "3047"]
[TimeControl "180+1"]
[EndTime "8:07:30 PST"]
[Termination "vi_pranav won by resignation"]

1. e4 e5 2. Nf3 Nc6 3. Nc3 Nf6 4. Bb5 Bb4 5. O-O O-O 6. Bxc6 bxc6 7. Nxe5 Bxc3 8.
dxc3 Nxe4 9. Qf3 Nc5 10. Be3 Ne6 11. Rad1 Qe7 12. Rfe1 f6 13. Nd3 Qf7 14. Nc5 Nxc5 15. Bxc5 d6 16. Qxc6 Rb8 17. Ba3 Bb7 18. Qa4 Qg6 19.
Qc4+ Rf7 20. Qf1 Qxc2 21. Qe2 Qg6 22. f3 h5 23. h4 a5 24. b3 Bc6 25. Qf2 a4 26. b4 Bb5 27. Rd4 Bd3 28. c4 Rff8 29. Qd2 Bf5 30. b5 Rfe8 31. Rxe8+ Rxe8 32. Qf2 Bd3 33. Kh2 Re2 34. Qg3 Rxa2 35. Qxg6 Bxg6 36. Bb4 Rb2 37. c5 dxc5 38. Bxc5 Rxb5 39. Be7 Be8 40. Bd8 c5 41. Rxa4 Rb8 42. Bc7 Rb7 43. Ra8 Rxc7 44. Rxe8+ Kf7 45. Re3 c4 46. Rc3 Ke6 47. Kg3 Ke5 0-1

[Event "Early-Titled-Tuesday-Blitz-February-13-2024"]
[Site "Chess.com"]
[Date "2024.02.13"]
[Round "1"]
[White "SmirnovAlexandrA"]
[Black "VeraVujovic"]
[Result "1-0"]
[WhiteElo "2610"]
[BlackElo "2245"]
[TimeControl "180+1"]
[EndTime "8:07:30 PST"]
[Termination "SmirnovAlexandrA won on time"]

1. e4 d5 2. exd5 Nf6 3. d4 Nxd5 4. c4 Nf6 5. Nc3 Bf5 6. Nf3 e6 7. g3 Be7 8. Bg2 c6 9. O-O O-O 10. Re1 Na6 11. Nh4 Bg4 12. Qb3 Rb8 13. h3 Bh5 14.
g4 Nd7 15. gxh5 Bxh4 16. h6 g6 17. Ne4 Nf6 18. Bf4 Qxd4 19. Rad1 Bxf2+ 20. Kh1 Nc5 21. Qa3 Qxc4 22. Nxf6+ Kh8 23. Bxb8 Rxb8 24. Rf1 Bh4 25.
Qc3 Qxc3 26. bxc3 b5 27. Bxc6 Na4 28. Nd7 Nxc3 29. Nxb8 Nxd1 30. Rxd1 Kg8 31. Bxb5 f5 32. Nc6 Kf7 33. Nxa7 Kf6 34. a4 Bf2 35. Nc6 e5 36. a5 e4 37. a6 f4 38. Nd4 1-0

[Event "Early-Titled-Tuesday-Blitz-February-13-2024"]
[Site "Chess.com"]
[Date "2024.02.13"]
[Round "1"]
[White "astralpulse"]
[Black "Felix-Rose"]
[Result "1-0"]
[WhiteElo "2605"]
[BlackElo "2231"]
[TimeControl "180+1"]
[EndTime "8:07:30 PST"]
[Termination "astralpulse won by resignation"]

1. d4 d5 2. c4 e6 3. Nf3 Nf6 4.
Bg5 Be7 5. Nc3 Nbd7 6. e3 h6 7. Bh4 O-O 8. Rc1 c5 9. cxd5 Nxd5 10. Bg3 cxd4 11. exd4 N7f6 12. Bd3 b6 13. O-O Bb7 14. Bb1 Rc8 15. Qe2 Nxc3 16. Rxc3 Rxc3 17. bxc3 Qd5 18. c4 Qh5 19. d5 Bc8 20. d6 Bd8 21. Rd1 Ba6 22.
Qd3 Qc5 23. Ne5 Kh8 24. Nd7 Qxc4 25. Qxc4 Bxc4 26. Nxf8 Kg8 27. Rc1 b5 28. Nxe6 fxe6 29. Be5 Kf7 30. Bd4 Ne8 31. a4 Nxd6 32. axb5 Bxb5 33.
Bxa7 Bf6 34. h3 Nc4 35. Bc5 Nd2 36. Bc2 Nc4 37. Be3 Nxe3 38. fxe3 e5 39. Kf2 Ke6 40. Be4 Kd6 41. Rb1 Bc6 42. Rb6 Kc5 43. Rxc6+ Kb4 44. Rc7 1-0

[Event "Early-Titled-Tuesday-Blitz-February-13-2024"]
[Site "Chess.com"]
[Date "2024.02.13"]
[Round "1"]
[White "fabianvivasz"]
[Black "Elegance_Riks"]
[Result "0-1"]
[WhiteElo "2431"]
[BlackElo "2784"]
[TimeControl "180+1"]
[EndTime "8:07:31 PST"]
[Termination "Elegance_Riks won on time"]

1. e4 c5 2. Nf3 Nc6 3. d4 cxd4 4. Nxd4 Nf6 5. Nc3 e5 6. Ndb5 d6 7. Nd5 Nxd5 8. exd5 Nb8 9. c4 Be7 10. Bd3 O-O 11. O-O f5 12. f3 Nd7 13. Be3 a6 14.
Nc3 Bg5 15. Bf2 Bh4 16. b4 Bxf2+ 17. Rxf2 a5 18. a3 Nf6 19. Qb1 Bd7 20. Raa2 axb4 21. axb4 Rxa2 22. Rxa2 Qb6+ 23. Kh1 Qd4 24. Ne2 Qh4 25.
Ng1 e4 26. Be2 Nh5 27. Nh3 f4 28. Qxe4 Re8 29. Qd4 Bxh3 30. gxh3 Qe1+ 31. Qg1 Rxe2 32. Ra8+ Kf7 33. Rb8 Qxg1+ 34. Kxg1 Re7 35. c5 dxc5 36. bxc5 Nf6 37. d6 Rd7 38. Kf2 Ke6 39. Rc8 Kd5 40. Ke2 Kd4 41. Kd2 Nd5 42. Ke2 h6 43. Kd2 b6 0-1

[Event "Early-Titled-Tuesday-Blitz-February-13-2024"]
[Site "Chess.com"]
[Date "2024.02.13"]
[Round "1"]
[White "FARIZA2018"]
[Black "platy3"]
[Result "0-1"]
[WhiteElo "2510"]
[BlackElo "2934"]
[TimeControl "180+1"]
[EndTime "8:07:33 PST"]
[Termination "platy3 won by checkmate"]

1. e4 c5 2. Nf3 e6 3. d4 cxd4 4.
Nxd4 Nc6 5. Nc3 Qc7 6. Be2 a6 7. O-O Nf6 8. Be3 Be7 9. f4 d6 10. Kh1 O-O 11. a4 Bd7 12. Qe1 Nxd4 13. Bxd4 Bc6 14.
Bd3 Nd7 15. f5 Ne5 16. Qg3 Bf6 17. Rad1 Rad8 18. Bc4 Qc8 19. Bb3 b5 20. axb5 axb5 21. Qh3 b4 22. Nb1 d5 23. Qg3 dxe4 24. fxe6 Rxd4 25.
Rxd4 fxe6 26. Nd2 Ng6 27. Rxb4 Be5 28. Qe1 Rxf1+ 29. Nxf1 Qd7 30. Ng3 Qd6 31. Nxe4 Qe7 32. Nf2 h6 33. Nd3 Qg5 34. Nxe5 Qxg2# 0-1

[Event "Early-Titled-Tuesday-Blitz-February-13-2024"]
[Site "Chess.com"]
[Date "2024.02.13"]
[Round "1"]
[White "Aanna12"]
[Black "Karttunen"]
[Result "0-1"]
[WhiteElo "2271"]
[BlackElo "2627"]
[TimeControl "180+1"]
[EndTime "8:07:33 PST"]
[Termination "Karttunen won on time"]

1. e4 e6 2. d3 d5 3. Nd2 c5 4.
Ngf3 Nc6 5. g3 Bd6 6. Bg2 Nge7 7. O-O O-O 8. Re1 Qc7 9. c3 Bd7 10. Qe2 f6 11. h4 Rae8 12. h5 a6 13. Nf1 b5 14. N1h2 b4 15. c4 dxc4 16. dxc4 e5 17. Be3 Nd4 18. Bxd4 cxd4 19. Rec1 Bc5 20. Ne1 a5 21. Nd3 Kh8 22. Bf3 f5 23. exf5 Nxf5 24. Be4 Nd6 25. f3 Bf5 26. b3 Nxe4 27. fxe4 Be6 28.
Rf1 Be7 29. Rxf8+ Rxf8 30. Rf1 Re8 31. Ng4 Bg5 32. Ngxe5 Be3+ 33. Kh2 Kg8 34. Ng4 h6 35. Nxe3 dxe3 36. Qxe3 Bg4 37. Qc5 Qd7 38. Ne5 Qd2+ 39.
Rf2 Qg5 40. Qd5+ Be6 41. Qd4 Qxh5+ 42. Kg1 Qh3 43. Qd3 Qh5 0-1

[Event "Early-Titled-Tuesday-Blitz-February-13-2024"]
[Site "Chess.com"]
[Date "2024.02.13"]
[Round "1"]
[White "Fonsofan"]
[Black "ilya2700"]
[Result "1-0"]
[WhiteElo "2676"]
[BlackElo "2349"]
[TimeControl "180+1"]
[EndTime "8:07:34 PST"]
[Termination "Fonsofan won by checkmate"]

1. e4 c5 2. Nf3 e6 3. c3 d5 4. e5 Nc6 5. d4 Nge7 6. Na3 g6 7.
h4 h5 8. dxc5 a5 9. Nb5 Bg7 10.
Nd6+ Kf8 11. Ng5 Nxe5 12. f4 f6 13. fxe5 fxg5 14. Bxg5 Qc7 15. Bxe7+ Qxe7 16. Bd3 Bxe5 17. O-O+ Kg7 18. Rf7+ Qxf7 19. Nxf7 Kxf7 20. Qf3+ Ke7 21. Rf1 Bd7 22. Qf7+ Kd8 23. Bxg6 Kc7 24. Bd3 Rad8 25. a4 Rhg8 26. Bb5 Rg7 27. Qf3 Rdg8 28. Bxd7 Kxd7 29. Re1 Bg3 30. Re2 Bxh4 31. c4 Be7 32. cxd5 Bxc5+ 33. Kh1 exd5 34. Qxd5+ Bd6 35. Re6 Rxg2 36. Rxd6+ Kc7 37. Rd7+ Kc8 38. Qxb7# 1-0